 Dungeon Crawl Stone Soup version 0.23-a0-141-g456867d (webtiles) character file.

429 galech the Chopper (level 6, 0/48 HPs)
             Began as a Demonspawn Monk on Aug 31, 2018.
             Slain by Grinder (8 damage)
             ... on level 4 of the Dungeon.
             The game lasted 00:04:44 (3677 turns).

galech the Chopper (Demonspawn Monk)                Turns: 3677, Time: 00:04:45

Health: 0/48       AC: 11    Str: 12    XL:     6   Next: 66%
Magic:  6/6        EV:  7    Int: 11    God:
Gold:   139        SH:  0    Dex: 21    Spells: 5/5 levels left

rFire    . . .     SeeInvis .   t - +0 broad axe
rCold    . . .     Gourm    .   (no shield)
rNeg     . . .     Faith    .   u - +0 chain mail
rPois    .         Spirit   .   (no helmet)
rElec    .         Reflect  .   (no cloak)
rCorr    .         Harm     .   (no gloves)
MR       .....                  (no boots)
Stlth    ..........             (no amulet)
HPRegen  0.16/turn              j - +3 ring of protection
MPRegen  0.10/turn              (no ring)

@: no status effects
A: hooves 1, thin skeletal structure 2, spiny 1
a: no special abilities


You were on level 4 of the Dungeon.
You were not hungry.

You visited 1 branch of the dungeon, and saw 4 of its levels.

You collected 139 gold pieces.

Inventory:

Hand Weapons
 t - a +0 broad axe (weapon)
Armour
 u - a +0 chain mail (worn)
Jewellery
 j - a +3 ring of protection (left hand)
Scrolls
 e - 6 scrolls of identify {unknown}
 f - 3 scrolls of remove curse {unknown}
 i - a scroll of magic mapping {unknown}
 l - a scroll of teleportation {unknown}
 m - a scroll of immolation {unknown}
 p - a scroll of fog {unknown}
 s - a scroll of amnesia {unknown}
 v - a scroll of fear {unknown}
 w - a scroll of random uselessness {unknown}
Potions
 a - a potion of mutation {unknown}
 b - a potion of brilliance {unknown}
 d - 2 potions of might
 g - a potion of curing {unknown}
 h - a potion of haste {unknown}
 n - a potion of berserk rage {unknown}
 o - a potion of invisibility {unknown}
 q - a potion of lignification {unknown}
 r - a potion of flight {unknown}
 x - a potion of agility {unknown}
 z - a potion of heal wounds {unknown}
Comestibles
 c - 6 rations
 k - 9 chunks of flesh


   Skills:
 + Level 4.2 Fighting
 + Level 5.2 Axes
 + Level 2.0 Armour
 + Level 3.2 Dodging
 + Level 2.6 Stealth


You had 5 spell levels left.
You didn't know any spells.
Your spell library was empty.

Dungeon Overview and Level Annotations

Branches:
Dungeon (4/15)
 Temple: D:4-7

Altars:
Nemelex Xobeh
The Shining One

Annotations:
D:2 2 transporters
D:3 1 runed door
D:4 Grinder


Innate Abilities, Weirdness & Mutations

You have large cloven feet.
You have a moderately thin skeletal structure. (Dex +4, Stealth+)
You are partially covered in sharp spines.


Message History

Grinder is heavily wounded.
Grinder gestures at you.
You suddenly lose the ability to move!
Grinder hits you but does no damage.
You can move again.
You slash Grinder!
Grinder is severely wounded.
Grinder hits you but does no damage.
Your chain mail prevents you from hitting Grinder.
You kick Grinder.
Grinder is severely wounded.
Grinder gestures at you. Pain shoots through your body!
* * * LOW HITPOINT WARNING * * *
Grinder gestures at you. You resist with significant effort.
You hit Grinder but do no damage. You kick Grinder, but do no damage.
Grinder is severely wounded.
Grinder hits you!
You die...

#... #.......
....5 #.......
#.....##.......
#........##.#
#.....##..#.#
#.... ##...####
#### ###....##
#5##..## #@###..#
#.# ##.### #.#
#...# ..# ###.#
.## #.# [. #.#
....#####.######
.###............#
######.......#


You could see Grinder.

Vanquished Creatures
  A phantom (D:4)
  2 orc priests (D:4)
  A hound (D:4)
  Jessica (D:3)
  2 iguanas (D:4)
  2 worker ants (D:4)
  4 adders
  An ooze (D:1)
  5 worms
  4 dart slugs
  4 leopard geckos
  3 orcs
  4 giant cockroaches (D:2)
  A goblin (D:2)
  8 hobgoblins
  A jackal (D:2)
  8 kobolds
  2 quokkas
  A ball python (D:4)
  7 bats
  5 frilled lizards
  9 rats
76 creatures vanquished.

Notes
Turn   | Place    | Note
-------+----------+-------------------------------------------
     0 | D:1      | galech the Demonspawn Monk began the quest for the Orb.
     0 | D:1      | Reached XP level 1. HP: 18/18 MP: 1/1
    28 | D:1      | Gained mutation: You have a somewhat thin skeletal
                  | structure. (Dex +2, Stealth) [demonic ancestry]
    28 | D:1      | Reached XP level 2. HP: 13/24 MP: 2/2
   170 | D:1      | Reached skill level 3 in Axes
   716 | D:1      | Reached XP level 3. HP: 29/29 MP: 3/3
   911 | D:2      | HP: 1/29 [poisoned by an adder]
  2009 | D:2      | Found a sparkling altar of Nemelex Xobeh.
  2009 | D:2      | Found a transporter.
  2016 | D:2      | Found a transporter.
  2228 | D:2      | Found a faded altar of an unknown god.
  2324 | D:2      | Gained mutation: You have large cloven feet. [demonic
                  | ancestry]
  2324 | D:2      | Reached XP level 4. HP: 35/35 MP: 4/4
  2829 | D:3      | Noticed Jessica
  2838 | D:3      | Killed Jessica
  2838 | D:3      | Reached skill level 4 in Axes
  2912 | D:3      | Gained mutation: You have a moderately thin skeletal
                  | structure. (Dex +4, Stealth+) [demonic ancestry]
  2912 | D:3      | Reached XP level 5. HP: 41/41 MP: 5/5
  2947 | D:3      | Reached skill level 1 in Armour
  2986 | D:3      | Found a runed door.
  3558 | D:4      | Gained mutation: You are partially covered in sharp spines.
                  | [demonic ancestry]
  3558 | D:4      | Reached XP level 6. HP: 37/48 MP: 6/6
  3608 | D:4      | Found a glowing golden altar of the Shining One.
  3629 | D:4      | Reached skill level 5 in Axes
  3657 | D:4      | Noticed Grinder
  3673 | D:4      | Paralysed by Grinder for 2 turns
  3677 | D:4      | Slain by Grinder

Vault maps used:
D:1:      minmay_arrival_up_and_down, minmay_misc_feat_enclosed,
          minmay_stone_trees_small, serial_bayou_pond_c
D:2:      kb_forest_paths, gammafunk_temple_overflow_arena,
          chequers_ecumenical_altar_lobes
D:3:      uniq_crazy_yiuf_cottage, uniq_jessica
D:4:      fedhas_altar_4, nicolae_tso_carved_into_rock, uniq_grinder

Skill      XL: |  1  2  3  4  5  6 |
---------------+-------------------+-----
Axes           | 3 4 5 |  5.2
Dodging        | 3 |  3.2
Stealth        | 2 |  2.6
Armour         | 1 2 |  2.0
Fighting       | 4 |  4.2

Action                   |  1- 3 |  4- 6 || total
-------------------------+-------+-------++-------
Melee: Hand axe          |   152 |    41 ||   193
       Kick              |       |    38 ||    38
       Broad axe         |       |    56 ||    56
 Stab: Sleeping          |     9 |     3 ||    12
  Eat: Chunk             |     5 |     4 ||     9
Armor: Robe              |    12 |       ||    12
       Ring mail         |    18 |    13 ||    31
       Chain mail        |       |    41 ||    41
Dodge: Dodged            |    98 |    44 ||   142

Table legend:
 A = Non-vault XP
 B = Vault XP
 C = Vault XP percentage of total XP
 D = Non-vault monster count
 E = Vault monster count
 F = Vault count percentage of total count
                 A         B        C        D         E       F
            +---------+---------+-------+---------+---------+-------
      Total |     551 |      62 |  10.1 |      69 |       7 |   9.2
            +---------+---------+-------+---------+---------+-------
        D:1 |      41 |       0 |   0.0 |      18 |       0 |   0.0
        D:2 |      33 |      25 |  43.1 |      19 |       6 |  24.0
        D:3 |      67 |      37 |  35.6 |      19 |       1 |   5.0
        D:4 |     410 |       0 |   0.0 |      13 |       0 |   0.0
            +---------+---------+-------+---------+---------+-------
